 Dungeon Crawl Stone Soup version 0.26.1-11-gd32895ea62 (webtiles) character file.

Game seed: 4398466900632780975

644 Zeld the Cruncher (level 7, -15/45 HPs)
             Began as an Octopode Gladiator on May 22, 2021.
             Was an Initiate of Okawaru.
             Shot with an arrow by a centaur (17 damage)
             ... on level 5 of the Dungeon.
             The game lasted 00:03:33 (4197 turns).

Zeld the Cruncher (Octopode Gladiator)              Turns: 4197, Time: 00:03:34

Health: -15/45     AC:  1    Str: 16    XL:     7   Next: 52%
Magic:  7/7        EV: 14    Int: 10    God:    Okawaru [......]
Gold:   246        SH:  0    Dex: 13    Spells: 6/6 levels left

rFire    . . .     SeeInvis .   t - +4 quarterstaff (chaos)
rCold    . . .     Faith    .   (shield currently unavailable)
rNeg     . . .     Spirit   .   b - +0 hat
rPois    .         Reflect  .   n - amulet of regeneration
rElec    .         Harm     .   (no ring)
rCorr    .         Rampage  .   (no ring)
Will     .....                  (no ring)
Stlth    ++........             (no ring)
HPRegen  0.55/turn              (no ring)
MPRegen  0.10/turn              (no ring)
                                (no ring)
                                (no ring)

@: no status effects
A: almost no armour, stealthy swim, amphibious, 8 rings, constrict 8, camouflage
1, gelatinous body 1
a: Renounce Religion


You were on level 5 of the Dungeon.
You worshipped Okawaru.
Okawaru was noncommittal.
You visited 2 branches of the dungeon, and saw 6 of its levels.

You collected 246 gold pieces.

Inventory:

Hand Weapons
 a - a +0 quarterstaff
 t - a +4 quarterstaff of chaos (weapon)
Missiles
 c - 3 throwing nets
 l - 6 curare-tipped darts
 m - 12 poisoned darts (quivered)
 u - 5 boomerangs
Armour
 b - a +0 hat (worn)
Jewellery
 n - an amulet of regeneration (around mantle)
Wands
 x - a wand of acid (9)
 y - a wand of digging (5)
Scrolls
 d - a scroll of teleportation {unknown}
 g - 4 scrolls of remove curse
 h - 2 scrolls of magic mapping {unknown}
 i - 2 scrolls of noise {unknown}
 j - 4 scrolls of identify {unknown}
 o - a scroll of blinking {unknown}
 r - a scroll of fog {unknown}
 s - a scroll of immolation {unknown}
 v - 4 scrolls of enchant weapon {unknown}
 w - a scroll of random uselessness {unknown}
 C - a scroll of amnesia {unknown}
Potions
 e - 5 potions of flight {unknown}
 f - 2 potions of cancellation {unknown}
 k - a potion of berserk rage {unknown}
 p - 3 potions of attraction {unknown}
 q - a potion of might {unknown}
 z - 2 potions of mutation {unknown}
 A - a potion of heal wounds {unknown}
 B - a potion of resistance {unknown}
 D - a potion of curing {unknown}


   Skills:
 - Level 2.0 Fighting
 * Level 8.5 Staves
 - Level 2.0 Throwing
 - Level 3.0 Dodging


You had 6 spell levels left.
You didn't know any spells.
Your spell library contained the following spells:

 Spells                   Type           Power        Failure   Level
 Confusing Touch          Hex            0%           75%         3
 Gell's Gravitas          Tloc           0%           75%         3
 Petrify                  Tmut/Erth      0%           98%         4
 Metabolic Englaciation   Hex/Ice        0%           100%        5
 Yara's Violent Unravell  Hex/Tmut       0%           100%        5


Dungeon Overview and Level Annotations

Branches:
Dungeon (5/15)             Temple (1/1) D:5

Altars:
Ashenzari
Cheibriados
Dithmenos
Elyvilon
Fedhas
Hepliaklqana
Kikubaaqudgha
Makhleb
Okawaru
Qazlal
Ru
Sif Muna
Trog
Uskayaw
Vehumet
Wu Jian
Xom
Yredelemnul
Zin
The Shining One


Innate Abilities, Weirdness & Mutations

You cannot wear most types of armour.
You are very stealthy in the water. (Stealth+)
You are amphibious.
You can wear up to eight rings at the same time.
You can use your tentacles to constrict eight enemies at once.
Your skin changes colour to match your surroundings (Stealth+).
Your rubbery body absorbs attacks. (AC +1, EV +1)


Message History

The centaur shoots an arrow.
The arrow hits you.
You hear a splash.
The centaur shoots an arrow.
The arrow misses you.
You hear a splash.
You see here 2 arrows.
There is an escape hatch in the floor here.
The centaur shoots an arrow.
The arrow closely misses you.
The centaur shoots an arrow.
The arrow hits you!
You see here an arrow.
The centaur shoots an arrow.
The arrow misses you.
You see here an arrow.
The centaur shoots an arrow.
The arrow closely misses you.
The centaur shoots an arrow.
The arrow closely misses you.
The centaur shoots an arrow.
The arrow misses you.
The centaur shoots an arrow.
The arrow hits you!
The centaur shoots an arrow.
The arrow hits you!
* * * LOW HITPOINT WARNING * * *
You see here 2 arrows.
The centaur shoots an arrow.
The arrow hits you!
You die...

.....#........
##..#........
##.......#....
#........##...
###(.c....## #..
###...##...(.#...#
###.#...#####c.....#
##...(...# #.(##.###
#...@.##.# ##...#....
###<.....###.(.##....
#.....##.#...#.....
#####.......c..##.....
###..###.###..##.#......
#.....#...###........(..
#............).........
##......#####.........
####..c.....###.........


You could see a centaur.

Vanquished Creatures
  Blork the orc (D:4)
  3 hounds
  Crazy Yiuf (D:3)
  Jessica (D:2)
  A bullfrog skeleton (D:4)
  Natasha (thrice) (D:4)
  2 orc wizards (D:3)
  3 worker ants
  2 hound skeletons (D:5)
  Robin (D:4)
  4 adders
  A shadow imp (D:5)
  An adder skeleton (D:5)
  2 worms
  A dart slug (D:2)
  19 orcs
  8 bats
  3 giant cockroaches (D:3)
  15 goblins
  10 hobgoblins
  6 jackals
  3 quokkas
  A ball python (D:3)
  5 frilled lizards
  A giant cockroach zombie (D:4)
  A jackal skeleton (D:4)
  6 kobolds
  A leopard gecko zombie (D:5)
  A quokka skeleton (D:4)
  7 rats
114 creatures vanquished.

Notes
Turn   | Place    | Note
-------+----------+-------------------------------------------
     0 | D:1      | Zeld the Octopode Gladiator began the quest for the Orb.
     0 | D:1      | Reached XP level 1. HP: 14/14 MP: 1/1
   278 | D:1      | Reached XP level 2. HP: 19/19 MP: 2/2
   690 | D:1      | Reached skill level 4 in Staves
   825 | D:1      | Reached XP level 3. HP: 24/24 MP: 3/3
  1126 | D:2      | Found a white marble altar of Elyvilon.
  1229 | D:2      | Found a snail-covered altar of Cheibriados.
  1245 | D:2      | Noticed Jessica
  1251 | D:2      | Killed Jessica
  1401 | D:2      | Reached XP level 4. HP: 29/29 MP: 4/4
  1690 | D:3      | Reached skill level 5 in Staves
  1901 | D:3      | Found a runed translucent door.
  1902 | D:3      | Noticed Crazy Yiuf
  1957 | D:3      | Reached XP level 5. HP: 20/34 MP: 5/5
  2103 | D:3      | Reached skill level 6 in Staves
  2231 | D:3      | Found a sacrificial altar of Ru.
  2609 | D:3      | Killed Crazy Yiuf
  2610 | D:3      | Reached XP level 6. HP: 39/39 MP: 6/6
  2980 | D:4      | Noticed Blork the orc
  2983 | D:4      | Killed Blork the orc
  2984 | D:4      | Reached skill level 7 in Staves
  3015 | D:4      | Noticed Robin
  3028 | D:4      | Killed Robin
  3248 | D:4      | Noticed Natasha
  3251 | D:4      | Killed Natasha
  3278 | D:4      | Reached XP level 7. HP: 36/45 MP: 7/7
  3383 | D:4      | Noticed Natasha
  3385 | D:4      | Killed Natasha
  3487 | D:4      | Noticed Natasha
  3491 | D:4      | Killed Natasha
  3492 | D:4      | Reached skill level 8 in Staves
  3662 | D:5      | Entered Level 5 of the Dungeon
  3769 | D:5      | Found a staircase to the Ecumenical Temple.
  3795 | Temple   | Entered the Ecumenical Temple
  3872 | Temple   | Became a worshipper of Warmaster Okawaru
  4196 | D:5      | HP: 1/45 [centaur/arrow (15)]
  4197 | D:5      | Shot with an arrow by a centaur

Illustrated notes

Levels and vault maps discovered:
D:1:      mushboom_english_gardens, layout_basic
D:2:      layout_rooms, cheibriados_altar_1, elyvilon_altar_1, uniq_jessica
D:3:      layout_loops_ring, nicolae_ru_great_annihilating_truth,
          uniq_crazy_yiuf_cottage
D:4:      layout_loops_ring, amethyst_killhole, uniq_blork_the_orc,
          uniq_natasha, uniq_robin
D:5:      layout_cave_pools, minmay_temple_entry_grid, kennysheep_boxes
Temple:   dpeg_five_rooms_temple

Skill      XL: |  1  2  3  4  5  6  7 |
---------------+----------------------+-----
Staves         | 4 5 6 7 8 |  8.5
Fighting       | |  2.0
Throwing       | |  2.0
Dodging        | |  3.0

Action                   |  1- 3 |  4- 6 |  7- 9 || total
-------------------------+-------+-------+-------++-------
Melee: Quarterstaff      |    42 |   115 |    40 ||   197
       Constrict         |    10 |    36 |    10 ||    56
       Tentacles         |     6 |    23 |     4 ||    33
  Use: Scroll            |       |     1 |       ||     1
 Stab: Sleeping          |     8 |     8 |     5 ||    21
       Paralysed         |       |     2 |       ||     2
Armor: Skin              |     1 |     5 |     1 ||     7
Dodge: Dodged            |    35 |    71 |    33 ||   139
